 Dungeon Crawl Stone Soup version 0.32-a0-656-g3542139ebd (webtiles) character file.

Game seed: 5218519096308731565

58 BubbleThief the Shield-Bearer (level 4, -5/37 HPs)
             Began as a Formicid Fighter on Mar 8, 2024.
             Slain by Natasha (7 damage)
             ... on level 3 of the Dungeon.
             The game lasted 00:02:16 (1696 turns).

BubbleThief the Shield-Bearer (Formicid Fighter)    Turns: 1696, Time: 00:02:16

Health: -5/37      AC:  6    Str: 22    XL:     4   Next: 20%
Magic:  4/4        EV:  9    Int:  8    God:
Gold:   126        SH:  5    Dex: 13    Spells: 3/3 levels left

rFire   . . .        a - +0 war axe
rCold   . . .        c - +0 buckler
rNeg    . . .        b - +0 scale mail
rPois   .            (helmet unavailable)
rElec   .            (no cloak)
rCorr   .            (no gloves)
SInv    +            (no boots)
Will    .....        (no amulet) Stlth
                     (no ring)
HPRegen 0.26/turn    (no ring)
MPRegen 0.09/turn

%: no passive effects
@: no status effects
A: permanent stasis, dig shafts and tunnels, antennae 3, four strong arms
a: Dig, Shaft Self


You were on level 3 of the Dungeon.
You visited 1 branch of the dungeon, and saw 3 of its levels.

You collected 126 gold pieces.

Inventory:

Hand Weapons
 a - a +0 war axe (weapon)
Armour
 b - a +0 scale mail (worn)
 c - a +0 buckler (worn)
Jewellery
 n - an amulet of reflection
Scrolls
 e - 3 scrolls of poison {unknown}
 f - a scroll of amnesia {unknown}
 i - 2 scrolls of identify {unknown}
 l - a scroll of summoning {unknown}
 m - a scroll of enchant weapon {unknown}
Potions
 d - 2 potions of might
 g - 2 potions of mutation {unknown}
 h - a potion of lignification {unknown}
 j - a potion of haste {unknown}
 k - a potion of magic {unknown}


   Skills:
 + Level 4.0 Fighting
 * Level 3.5 Axes
 - Level 3.2 Armour
 - Level 4.0 Shields


You had 3 spell levels left.
You didn't know any spells.
Your spell library was empty.

Dungeon Overview and Level Annotations

Branches:
Dungeon (3/15)

Altars:

Shops:
D:2 (

Annotations:
D:2 Sigmund
D:3 Natasha


Innate Abilities, Weirdness & Mutations

You cannot be hasted, slowed, berserked, paralysed or teleported.
You can dig through walls and to a lower floor.
You have a pair of large antennae on your head. (SInv)
Your four strong arms can wield two-handed weapons with a shield.


Message History

Natasha hisses angrily.
You block Natasha's attack.
There is an open door here.
You hit Natasha.
Natasha is lightly wounded.
Natasha zaps a wand.
The puff of flame hits you.
Natasha mumbles some strange words.
You miss Natasha.
Natasha is lightly wounded.
Natasha zaps a wand.
The puff of flame hits you!
The cerulean imp hits you from afar with a +2 spear.
You closely miss Natasha.
Natasha is lightly wounded.
Natasha claws you. The cerulean imp barely misses you.
You are too injured to fight recklessly!
You barely miss Natasha.
Natasha is lightly wounded.
Natasha claws you.
The cerulean imp hits you from afar with a +2 spear.
* * * LOW HITPOINT WARNING * * *
Natasha claws you but does no damage.
The cerulean imp hits you but does no damage.
You closely miss Natasha.
Natasha is lightly wounded.
Natasha zaps a wand.
The puff of flame misses you. The cerulean imp misses you.
Unknown command.
You barely miss Natasha.
Natasha is lightly wounded.
Natasha claws you.
* * * LOW HITPOINT WARNING * * *
The cerulean imp hits you from afar with a +2 spear.
* * * LOW HITPOINT WARNING * * *
Natasha hisses.
Natasha casts a spell.
You closely miss Natasha.
Natasha is lightly wounded.
You slash the cerulean imp! You block the cerulean imp's attack.
Natasha claws you!
You die...
Natasha begins licking her fur clean.

#.....#. #.##..#.
#.# #.....#. #.#
#.....#. #.. #.#...
#.#### #..... #.#5.+
.###... #.#h.#
{#.#.......
#.#@##.####.#...#.#.
#...5.......#.#.#.).
#.#+##.####.# # +...
#.# +.+ #.#.###...
#.#{ #.# #.#....###
#.####.##+#.####.# #
#...........# ##.###
#.####.##'#.###.....
#.#..'.'..#.#...####


You could see Natasha and 2 cerulean imps.

Vanquished Creatures
  2 adders (D:2)
  A dart slug (D:2)
  An orc (D:3)
  4 endoplasms
  A giant cockroach (D:3)
  A goblin (D:1)
  6 hobgoblins
  3 quokkas
  3 ball pythons
  3 bats
  2 frilled lizards
  3 kobolds
  3 rats
33 creatures vanquished.

Notes
Turn   | Place    | Note
-------+----------+-------------------------------------------
     0 | D:1      | BubbleThief the Formicid Fighter began the quest for the
                  | Orb.
     0 | D:1      | Reached XP level 1. HP: 18/18 MP: 1/1
   209 | D:1      | Reached XP level 2. HP: 17/24 MP: 2/2
   851 | D:2      | Reached XP level 3. HP: 29/30 MP: 3/3
   891 | D:2      | Noticed Sigmund
  1040 | D:2      | Found Nehig's Antique Weapon Shoppe.
  1190 | D:2      | Reached XP level 4. HP: 33/37 MP: 4/4
  1688 | D:3      | Noticed Natasha
  1695 | D:3      | HP: 1/37 [cerulean imp/+2 spear[Natasha] (4)]
  1696 | D:3      | Slain by Natasha

Illustrated notes

Levels and vault maps discovered:
D:1:      roadster_arrival_rocket_large, layout_loops_ring, chequers_avenue,
          serial_bayou_crossing
D:2:      layout_basic, serial_shops, nicolae_shop_tiny_statue_garden,
          uniq_sigmund
D:3:      minmay_door_path, layout_basic, uniq_grinder, uniq_natasha,
          uniq_jessica

Skill      XL: |  1  2  3 |
---------------+----------+-----
Axes           | 3 |  3.5
Fighting       | 4 |  4.0
Armour         | |  3.2
Shields        | |  4.0

Action                     |  1- 3 |  4- 6 || total
---------------------------+-------+-------++-------
  Melee: War axe           |    81 |    18 ||    99
 Armour: Scale mail        |    61 |    22 ||    83
  Dodge: Dodged            |    38 |     5 ||    43
  Block: Buckler           |    24 |     5 ||    29

Table legend: (Time is in decaauts)
 A = Elapsed time spent in this place.
 B = Non-inter-level travel time spent in this place.
 C = Inter-level travel time spent in this place.
 D = Time resting spent in this place.
 E = Time spent auto-exploring this place.
 F = Levels seen in this place.
 G = Mean time per level.
                   A        B        C        D        E       F      G
               +--------+--------+--------+--------+--------+-----+--------+
         Total |   1743 |   1654 |     89 |      0 |   1272 |   3 |  581.0 |
       Dungeon |   1743 |   1654 |     89 |      0 |   1272 |   3 |  581.0 |
               +--------+--------+--------+--------+--------+-----+--------+

Top non-repeatable levels by time:
     D:1: 920 daAuts
     D:2: 582 daAuts
     D:3: 241 daAuts
